 Dungeon Crawl Stone Soup version 0.27-a0-1137-g3ef0f4ec91 (webtiles) character file.

Game seed: 10568066482783300282

53 Zeld the Firebug (level 3, -2/23 HPs)
             Began as an Octopode Fire Elementalist on May 6, 2021.
             Slain by a hobgoblin (4 damage)
             ... led by Robin
             ... on level 2 of the Dungeon.
             The game lasted 00:04:09 (2026 turns).

Zeld the Firebug (Octopode Fire Elementalist)       Turns: 2026, Time: 00:04:10

Health: -2/23      AC:  1    Str:  7    XL:     3   Next: 87%
Magic:  0/6        EV: 13    Int: 18    God:
Gold:   90         SH:  0    Dex: 12    Spells: 2/6 levels left

rFire    . . .     SeeInvis +   (no weapon)
rCold    . . .     Faith    .   (no shield)
rNeg     . . .     Spirit   .   (helmet restricted)
rPois    .         Reflect  .   (no amulet)
rElec    .         Harm     .   b - ring of see invisible
rCorr    .         Rampage  .   (no ring)
Will     .....                  (no ring)
Stlth    +++.......             (no ring)
HPRegen  0.07/turn              (no ring)
MPRegen  0.10/turn              (no ring)
                                (no ring)
                                (no ring)

@: no status effects
A: almost no armour, amphibious, 8 rings, camouflage 1, gelatinous body 1,
(nimble swimmer 1), tentacles
a: no special abilities


You were on level 2 of the Dungeon.
You visited 1 branch of the dungeon, and saw 2 of its levels.

You collected 90 gold pieces.

Inventory:

Jewellery
 b - a ring of see invisible (left tentacle)
Scrolls
 c - a scroll of immolation {unknown}
Potions
 a - 3 potions of curing {unknown}


   Skills:
 + Level 1.0 Fighting
 + Level 2.3 Dodging
 - Level 2.6 Stealth
 + Level 2.3 Spellcasting
 + Level 1.6 Conjurations
 * Level 3.7 Fire Magic


You had 2 spell levels left.
You knew the following spells:

 Your Spells              Type           Power      Damage    Failure   Level
a - Foxfire               Conj/Fire      44%        2x1d6     6%          1
b - Conjure Flame         Conj/Fire      11%        6-21      17%         3

Your spell library contained the following spells:

 Spells                   Type           Power      Damage    Failure   Level
 Sting                    Tmut/Pois      8%         1d3       19%         1
 Passwall                 Tmut/Erth      1%         N/A       26%         2
 Inner Flame              Hex/Fire       8%         N/A       24%         3
 Vampiric Draining        Necr           1%         2d6       47%         3
 Sticky Flame             Conj/Fire      11%        2d3       50%         4
 Fireball                 Conj/Fire      5%         3d5       85%         5
 Dispel Undead            Necr           2%         3d7       87%         4
 Borgnjor's Vile Clutch   Necr/Erth      1%         N/A       99%         5
 Yara's Violent Unravell  Hex/Tmut       1%         3d3       99%         5


Dungeon Overview and Level Annotations

Branches:
Dungeon (2/15)

Altars:


Innate Abilities, Weirdness & Mutations

You cannot wear most types of armour.
You are amphibious.
You can wear up to eight rings at the same time.
Your skin changes colour to match your surroundings (Stealth+).
Your rubbery body absorbs attacks. (AC +1, EV +1)
((You are camouflaged near water. (Stealth+)))
You have tentacles for arms and can constrict up to eight enemies at once.


Message History

Confirm with . or Enter, or press ? or * to list all spells.
You conjure some foxfire!
The foxfire hits Robin.
Robin is heavily wounded.
Your foxfire dissipates!
Casting: Foxfire (safe; 6% risk of failure)
Confirm with . or Enter, or press ? or * to list all spells.
You miscast Foxfire.
You are very lightly contaminated with residual magic.
Nothing appears to happen.
Casting: Foxfire (safe; 6% risk of failure)
Confirm with . or Enter, or press ? or * to list all spells.
You conjure some foxfire!
The foxfire hits Robin.
Robin is severely wounded.
Your foxfire dissipates!
Casting: Foxfire (safe; 6% risk of failure)
Confirm with . or Enter, or press ? or * to list all spells.
You conjure some foxfire!
The foxfire hits Robin.
You kill Robin!
Your magical contamination has completely faded away.
Your Fighting skill increases to level 1!
Your foxfire dissipates!
There is a stone staircase leading down here.
The hobgoblin hits you.
You climb downwards.
The goblin barely misses you.
There is a stone staircase leading up, spattered with blood here.
Casting: Foxfire (safe; 6% risk of failure)
Confirm with . or Enter, or press ? or * to list all spells.
You conjure some foxfire!
The hobgoblin hits you.
* * * LOW HITPOINT WARNING * * *
The goblin hits you with a +0 dagger.
* * * LOW HITPOINT WARNING * * *
Unknown command.
Your foxfire dissipates!
The foxfire hits the hobgoblin.
The hobgoblin is heavily wounded.
You tentacle-slap the hobgoblin. Your grab misses the hobgoblin.
Your squeeze misses the hobgoblin.
The hobgoblin is lightly wounded.
The hobgoblin closely misses you. The hobgoblin hits you.
You die...

.##>...#####....###
....##.§.....##..#
#.....##.....##.######
# #.g.###..........#
#. ###.# #..........#
.. #.###....>.....# #.
#.g##..........#
#..##g###########.#
#.g@§## #.#
####..##### #.#
#.........# #.#
.##.........# #.#
............# #.##
..##.........######..#
. #.................#
#...[...#..8..#...#
#...<...##...##...#


You could see 2 hobgoblins and a goblin.

Vanquished Creatures
  Robin (D:1)
  An adder (D:1)
  2 dart slugs (D:1)
  A ball python (D:1)
  A bat (D:1)
  An endoplasm (D:1)
  A giant cockroach (D:1)
  8 goblins
  2 hobgoblins (D:1)
  2 kobolds (D:1)
  2 quokkas (D:1)
  A frilled lizard (D:1)
  3 rats (D:1)
26 creatures vanquished.

Vanquished Creatures (others)
  53 foxfires
  A plant (D:1)
54 creatures vanquished.

Grand Total: 80 creatures vanquished

Notes
Turn   | Place    | Note
-------+----------+-------------------------------------------
     0 | D:1      | Zeld the Octopode Fire Elementalist began the quest for the
                  | Orb.
     0 | D:1      | Reached XP level 1. HP: 11/11 MP: 3/3
     6 | D:1      | Identified the Handbook of Shape Shifting and Evil
   269 | D:1      | Reached XP level 2. HP: 18/18 MP: 1/5
  1012 | D:1      | Reached XP level 3. HP: 22/22 MP: 3/6
  1016 | D:1      | Learned a level 3 spell: Conjure Flame
  1238 | D:2      | Noticed Robin
  2012 | D:1      | Killed Robin
  2013 | D:1      | Reached skill level 1 in Fighting
  2026 | D:2      | Slain by a hobgoblin

Illustrated notes

Levels and vault maps discovered:
D:1:      minmay_arrival_four_houses, layout_basic, serial_bayou_ford_a
D:2:      layout_rooms, serial_shops, shop, basic_altar,
          mrwooster_statue_mirror, uniq_robin, uniq_sigmund

Skill      XL: |  1  2  3 |
---------------+----------+-----
Fighting       | 1 |  1.0
Dodging        | |  2.3
Stealth        | |  2.6
Spellcasting   | |  2.3
Conjurations   | |  1.6
Fire Magic     | |  3.7

Action                   || total
-------------------------++-------
Melee: Unarmed           ||     6
       Constrict         ||     2
 Cast: Foxfire           ||    46
       Conjure Flame     ||     1
Armor: Skin              ||     1
Dodge: Dodged            ||    45

Table legend: (Time is in decaauts)
 A = Elapsed time spent in this place.
 B = Non-inter-level travel time spent in this place.
 C = Inter-level travel time spent in this place.
 D = Time resting spent in this place.
 E = Time spent auto-exploring this place.
 F = Levels seen in this place.
 G = Mean time per level.
                   A        B        C        D        E       F      G
               +--------+--------+--------+--------+--------+-----+--------+
         Total |   2030 |   1993 |     37 |    905 |    805 |   2 | 1015.0 |
       Dungeon |   2030 |   1993 |     37 |    905 |    805 |   2 | 1015.0 |
               +--------+--------+--------+--------+--------+-----+--------+

Top non-repeatable levels by time:
     D:1: 1938 daAuts
     D:2: 91 daAuts
